 Dungeon Crawl Stone Soup version 0.30.0-19-g36f170ea60 (webtiles) character file.

Game seed: 7041674795774074625

163 booth the Chopper (level 5, 0/36 (43) HPs)
             Began as a Gnoll Reaver on May 29, 2023.
             Slain by a gnoll
             ... wielding a +0 spear
              (6 damage)
             ... on level 4 of the Dungeon.
             The game lasted 00:20:06 (3415 turns).

booth the Chopper (Gnoll Reaver)                    Turns: 3415, Time: 00:20:07

HP:   0/36 (43)     AC:  3    Str: 12 (13) XL:     5   Next: 44%
MP:   10/12         EV: 12    Int: 11 (13) God:
Gold: 183           SH:  0    Dex:  8 (10) Spells: 8/14 levels left

rFire   . . .        a - +1 hand axe
rCold   . . .        (no shield)
rNeg    . . .        b - +0 leather armour
rPois   .            (no helmet)
rElec   .            (no cloak)
rCorr   .            (no gloves)
SInv    .            (no boots)
Will    .....        (no amulet)
Stlth   +            (no ring)
HPRegen 0.26/turn    (no ring)
MPRegen 0.13/turn

%: no passive effects
@: very slightly contaminated, heavily drained
A: fangs 1, strong nose, distributed training
a: no special abilities


You were on level 4 of the Dungeon.
You visited 1 branch of the dungeon, and saw 4 of its levels.

You collected 209 gold pieces.
You spent 26 gold pieces at shops.

Inventory:

Hand Weapons
 a - a +1 hand axe (weapon)
 h - a +0 mace
 j - the +6 dagger of the Well-Known Artists {elec, *Corrode rElec rN+++ Int-3}
   (You found it on level 4 of the Dungeon)

   Int:       It affects your intelligence (-3).
   rElec:     It insulates you from electricity.
   rN:        It renders you almost immune to negative energy.
   *Corrode:  It may corrode you when you take damage.
 r - a +1 short sword of venom
Missiles
 c - 3 poisoned darts
 k - 5 boomerangs (quivered)
Armour
 b - a +0 leather armour (worn)
Scrolls
 d - a scroll of blinking
 e - a scroll of noise {unknown}
 g - a scroll of fog
 m - a scroll of teleportation {unknown}
 p - a scroll of magic mapping {unknown}
Potions
 f - a potion of lignification
 i - 2 potions of curing {unknown}
 l - a potion of might {unknown}
 n - a potion of magic {unknown}
 o - a potion of resistance {unknown}


   Skills:
 + Level 4.8 Fighting
 + Level 1.5 Short Blades
 + Level 1.5 Long Blades
 + Level 6.7 Axes
 + Level 1.5 Maces & Flails
 + Level 1.5 Polearms
 + Level 1.5 Staves
 + Level 1.5 Ranged Weapons
 + Level 1.5 Throwing
 + Level 1.5 Armour
 + Level 4.8 Dodging
 + Level 1.5 Stealth
 + Level 1.5 Shields
 + Level 1.5 Unarmed Combat
 + Level 5.2 Spellcasting
 + Level 5.5 Conjurations
 + Level 1.2 Hexes
 + Level 1.2 Summonings
 + Level 1.2 Necromancy
 + Level 1.2 Translocations
 + Level 1.2 Transmutations
 + Level 1.2 Fire Magic
 + Level 1.2 Ice Magic
 + Level 1.2 Air Magic
 + Level 1.2 Earth Magic
 + Level 1.2 Poison Magic
 + Level 1.7 Invocations
 + Level 1.5 Evocations


You had 8 spell levels left.
You knew the following spells:

 Your Spells              Type           Power      Damage    Failure   Level
a - Kiss of Death         Conj/Necr      40%        2d8       7%          1
b - Momentum Strike       Conj/Tloc      20%        3d8       10%         2
c - Hailstorm             Conj/Ice       10%        3d5       21%         3

Your spell library contained the following spells:

 Spells                   Type           Power      Damage    Failure   Level


Dungeon Overview and Level Annotations

Branches:
Dungeon (4/15)
 Temple: D:4-7

Altars:

Shops:
D:1 ==?   D:2 [


Innate Abilities, Weirdness & Mutations

You have very sharp teeth.
Your uncanny sense of smell can sniff out nearby items.
Your experience applies equally to all skills.


Message History

Press: ? - help, Shift-Dir - straight line, f - gnoll
Aim: a gnoll, wielding a +0 whip (lightly wounded, very poisoned, 100% to hit)
You miscast Kiss of Death.
You are very lightly contaminated with residual magic.
Nothing appears to happen.
The gnoll hits you with a +0 whip. The gnoll barely misses you.
Your +1 short sword of venom stops dripping with poison.
a - a +1 hand axe (weapon)
The gnoll misses you. The gnoll closely misses you.
The gnoll hits you from afar with a +0 spear.
A ball python comes into view.
The gnoll misses you. The gnoll hits you with a +0 whip.
The gnoll barely misses you.
You hit the gnoll.
The gnoll is moderately wounded.
You hit the gnoll. You closely miss the gnoll.
The gnoll hits you but does no damage. The gnoll hits you with a +0 whip!
The gnoll hits you with a +0 spear.
You slash the gnoll!
The gnoll is almost dead.
You hit the gnoll but do no damage. You barely miss the gnoll.
The gnoll closely misses you. The gnoll hits you with a +0 whip.
The gnoll barely misses you.
Casting: Kiss of Death (safe; 7% risk of failure)
Confirm with . or Enter, or press ? or * to list all spells.
Aiming: Kiss of Death (safe; 7% risk of failure)
Press: ? - help, Shift-Dir - straight line, f - gnoll, p - gnoll
Aim: a gnoll, wielding a +0 spear (100% to hit)
The negative energy hits the gnoll!
The gnoll is drained!
The gnoll is severely wounded.
You feel drained. The gnoll hits you with a +0 spear.
* * * LOW HITPOINT WARNING * * *
The gnoll misses you. The gnoll hits you with a +0 spear.
* * * LOW HITPOINT WARNING * * *
You barely miss the gnoll.
The gnoll is almost dead.
You hit the gnoll.
You kill the gnoll!
You hit the gnoll. The gnoll hits you with a +0 spear.
You die...

. ############### ..#
#.............. ....
#.............. ...(.
#..............
.>...[####..............
......g@.#..............
.....Sg#)#..............
...?...#K'..............
.......#†#..............
.........#..............
.........##########....#
.........# #..[.#
.........# #....#
..[..#.# #....#


You could see 2 gnolls, a ball python and a kobold.

Vanquished Creatures
  Terence (D:2)
  4 adders
  A gnoll (D:4)
  2 ufetubi (D:4)
  4 worms
  A dart slug (D:3)
  An orc (D:3)
  9 endoplasms
  3 giant cockroaches
  7 goblins
  8 hobgoblins
  2 jackals (D:3)
  10 ball pythons
  7 bats
  3 frilled lizards
  8 kobolds
  2 rats
73 creatures vanquished.

Notes
Turn   | Place    | Note
-------+----------+-------------------------------------------
     0 | D:1      | booth the Gnoll Reaver began the quest for the Orb.
     0 | D:1      | Reached XP level 1. HP: 20/20 MP: 6/6
   226 | D:1      | Reached XP level 2. HP: 14/26 MP: 7/7
   229 | D:1      | Learned a level 2 spell: Momentum Strike
   580 | D:1      | Found Kygoeset's Magic Scroll Boutique.
   591 | D:1      | Bought a scroll of identify for 26 gold pieces
   693 | D:1      | Found Erifex's Jewellery Shoppe.
   828 | D:1      | Found Edejoh's Jewellery Boutique.
  1217 | D:2      | Reached skill level 5 in Spellcasting
  1217 | D:2      | Reached XP level 3. HP: 30/31 MP: 7/9
  1221 | D:2      | Learned a level 3 spell: Hailstorm
  1416 | D:2      | Reached skill level 1 in Invocations
  1420 | D:2      | Noticed an animated pearl dragon scales
  1422 | D:2      | Found Lecyson's Armour Shop.
  1427 | D:2      | Noticed an animated crystal plate armour
  1567 | D:2      | Noticed Terence
  1588 | D:2      | Killed Terence
  1589 | D:2      | Reached skill level 1 in Short Blades
  1589 | D:2      | Reached skill level 1 in Long Blades
  1589 | D:2      | Reached skill level 1 in Maces & Flails
  1589 | D:2      | Reached skill level 1 in Polearms
  1589 | D:2      | Reached skill level 1 in Staves
  1589 | D:2      | Reached skill level 1 in Ranged Weapons
  1589 | D:2      | Reached skill level 1 in Throwing
  1589 | D:2      | Reached skill level 1 in Armour
  1589 | D:2      | Reached skill level 1 in Stealth
  1589 | D:2      | Reached skill level 1 in Shields
  1589 | D:2      | Reached skill level 1 in Unarmed Combat
  1589 | D:2      | Reached skill level 1 in Evocations
  1589 | D:2      | Reached XP level 4. HP: 23/36 MP: 7/11
  2172 | D:3      | Reached skill level 1 in Hexes
  2172 | D:3      | Reached skill level 1 in Summonings
  2172 | D:3      | Reached skill level 1 in Necromancy
  2172 | D:3      | Reached skill level 1 in Translocations
  2172 | D:3      | Reached skill level 1 in Transmutations
  2172 | D:3      | Reached skill level 1 in Fire Magic
  2172 | D:3      | Reached skill level 1 in Ice Magic
  2172 | D:3      | Reached skill level 1 in Air Magic
  2172 | D:3      | Reached skill level 1 in Earth Magic
  2172 | D:3      | Reached skill level 1 in Poison Magic
  2702 | D:3      | Reached XP level 5. HP: 43/43 MP: 12/12
  2848 | D:3      | Found a faded altar of an unknown god.
  3093 | D:4      | Identified the +6 dagger of the Well-Known Artists {elec,
                  | *Corrode rElec rN+++ Int-3}
  3177 | D:4      | HP: 1/43 [ufetubus (3)]
  3415 | D:4      | Slain by a gnoll

Illustrated notes

Levels and vault maps discovered:
D:1:      dpeg_arrival_rhombi, layout_basic, serial_shops,
          nicolae_shop_temple_entry_statues_fountains,
          nicolae_shop_tiny_statue_garden, shop, minmay_fountain_box,
          minmay_misc_feat_square, minmay_misc_feat_cross, minmay_pentomino_s2
D:2:      layout_basic, serial_shops, nicolae_shop_mannequins,
          chequers_serial_rivers_micro_b, uniq_terence
D:3:      layout_basic, dilly_ecumenical_altar_fadedgnrine, minmay_pentangle
D:4:      layout_basic, gammafunk_temple_overflow_forgotten

Skill      XL: |  1  2  3  4 |
---------------+-------------+-----
Spellcasting   | 5 |  5.2
Invocations    | 1 |  1.7
Short Blades   | 1 |  1.5
Long Blades    | 1 |  1.5
Maces & Flails | 1 |  1.5
Polearms       | 1 |  1.5
Staves         | 1 |  1.5
Ranged Weapons | 1 |  1.5
Throwing       | 1 |  1.5
Armour         | 1 |  1.5
Stealth        | 1 |  1.5
Shields        | 1 |  1.5
Unarmed Combat | 1 |  1.5
Evocations     | 1 |  1.5
Hexes          | 1 |  1.2
Summonings     | 1 |  1.2
Necromancy     | 1 |  1.2
Translocations | 1 |  1.2
Transmutations | 1 |  1.2
Fire Magic     | 1 |  1.2
Ice Magic      | 1 |  1.2
Air Magic      | 1 |  1.2
Earth Magic    | 1 |  1.2
Poison Magic   | 1 |  1.2
Fighting       | |  4.8
Axes           | |  6.7
Dodging        | |  4.8
Conjurations   | |  5.5

Action                     |  1- 3 |  4- 6 || total
---------------------------+-------+-------++-------
  Melee: Hand axe          |   105 |   100 ||   205
         Bite              |     6 |    15 ||    21
         Punch             |     1 |     2 ||     3
         Short sword       |       |    58 ||    58
  Throw: Boomerang         |     1 |     1 ||     2
   Cast: Kiss of Death     |     1 |     1 ||     2
         Hailstorm         |     1 |       ||     1
    Use: Scroll            |     2 |     4 ||     6
         Potion            |       |     1 ||     1
   Stab: Sleeping          |     1 |       ||     1
 Armour: Leather armour    |    22 |    25 ||    47
  Dodge: Dodged            |    71 |    95 ||   166
